 Dungeon Crawl Stone Soup version 0.31-a0-188-g5e087ee2ca (webtiles) character file.

Game seed: 15724471731289691379

478 qw the Skirmisher (level 6, -1/35 HPs)
             Began as a Deep Elf Hunter on June 23, 2023.
             Slain by a lemure (5 damage)
             ... led by Pikel
             ... on level 5 of the Dungeon.
             The game lasted 00:01:34 (3080 turns).

qw the Skirmisher (Deep Elf Hunter)                 Turns: 3080, Time: 00:01:35

Health: -1/35      AC:  6    Str: 10    XL:     6   Next: 86%
Magic:  0/8        EV: 12    Int: 14    God:
Gold:   132        SH:  0    Dex: 24    Spells: 5/5 levels left

rFire   . . .        Y - +2 shortbow
rCold   . . .        (shield currently unavailable)
rNeg    . . .        n - +0 ring mail
rPois   .            (no helmet)
rElec   .            o - +0 cloak
rCorr   .            (no gloves)
SInv    .            (no boots)
Will    .....        e - amulet of guardian spirit
Stlth   ++           g - +6 ring of dexterity
HPRegen 0.25/turn    (no ring)
MPRegen 0.11/turn

%: guardian spirit
@: no status effects
A: no striking features
a: no special abilities


You were on level 5 of the Dungeon.
You visited 1 branch of the dungeon, and saw 5 of its levels.
You also visited: Sewer.

You collected 132 gold pieces.


   Skills:
 - Level 2.1 Fighting
 - Level 10.2 Ranged Weapons
 + Level 0.9 Armour
 - Level 3.0 Dodging
 - Level 1.2 Stealth


You had 5 spell levels left.
You didn't know any spells.
Your spell library was empty.

Inventory:

Hand Weapons
 Y - a +2 shortbow (weapon)
Armour
 n - a +0 ring mail (worn)
 o - a +0 cloak (worn)
Jewellery
 e - an amulet of guardian spirit (around neck)
 g - a +6 ring of dexterity (left hand)
 j - a ring of fire
Scrolls
 m - a scroll of identify
Potions
 a - 2 potions of enlightenment
 d - 4 potions of curing
 h - a potion of haste
 k - a potion of attraction {unknown}
 q - a potion of cancellation

Dungeon Overview and Level Annotations

Branches:
Dungeon (5/15)              Sewer (visited)
 Temple: D:4-7

Altars:
Wu Jian
The Shining One

Annotations:
D:5 Pikel


Message History

The lemure is heavily wounded.
The lemure hits you. x3
You shoot an arrow. The arrow barely misses the lemure.
The lemure hits you but does no damage. The lemure closely misses you.
Pikel says, "You'll feel the lick of my whip!"
You shoot an arrow. The arrow barely misses the lemure.
The lemure misses you. The lemure hits you but does no damage.
You shoot an arrow.
The arrow hits the lemure but does no damage.
The lemure is heavily wounded.
The lemure hits you. x2; Pikel barely misses you.
You shoot an arrow. The arrow completely misses the lemure.
The lemure closely misses you. x2
Pikel hits you with a +1 whip of flaming.
Pikel burns you.
3075 ||| DRINKING potion of heal wounds.
You feel much better. The lemure hits you. The lemure closely misses you.
Pikel hits you with a +1 whip of flaming.
Pikel burns you.
You shoot an arrow. The arrow closely misses the lemure.
The lemure hits you. x2; Pikel hits you but does no damage.
You shoot an arrow. The arrow hits the lemure!
The lemure is almost dead.
The lemure hits you. The lemure hits you but does no damage.
Pikel barely misses you.
You shoot an arrow.
The arrow hits the lemure but does no damage.
The lemure is almost dead.
The lemure hits you. The lemure closely misses you. Pikel misses you.
You shoot an arrow.
The arrow hits the lemure but does no damage.
The lemure is almost dead.
The lemure hits you. The lemure barely misses you.
Pikel hits you but does no damage.
You shoot an arrow. The arrow hits the lemure.
You kill the lemure!
That felt strangely unrewarding.
The lemure hits you.
You die...

..#.##.....##
###.##......#
#.##......#
..##......##
...#.......#
...#.###..
###...# #..
##..# #..##
7#..# #.5@#
##5K# #5.#
#... .....
..^....
#..(...)
#........


You could see Pikel and 3 lemures.

Vanquished Creatures
  Sigmund (D:3)
  A lemure (D:5)
  A kobold brigand (Sewer)
  A howler monkey (D:4)
  A hound (D:5)
  Ijyb (D:3)
  An iguana (D:4)
  A river rat (Sewer)
  3 adders
  3 worms
  A dart slug (D:1)
  4 orcs (D:4)
  8 endoplasms
  3 giant cockroaches
  4 goblins
  6 hobgoblins
  8 jackals
  10 kobolds
  3 quokkas
  6 ball pythons
  9 bats
  A frilled lizard (D:1)
  15 rats
92 creatures vanquished.

Notes
Turn   | Place    | Note
-------+----------+-------------------------------------------
     0 | D:1      | qw the Deep Elf Hunter began the quest for the Orb.
     0 | D:1      | Reached XP level 1. HP: 12/12 MP: 3/3
     0 | D:1      | 0 ||| qw: Version: 0.3-a-9-g12657ce
     0 | D:1      | 0 ||| qw: Game counter: 3367
     0 | D:1      | 0 ||| qw: Always use a shield: true
     0 | D:1      | 0 ||| qw: God list: Okawaru
     0 | D:1      | 0 ||| qw: Allow faded altars: false
     0 | D:1      | 0 ||| qw: Do Orc after D:15 true
     0 | D:1      | 0 ||| qw: Do second Lair branch before Depths: true
     0 | D:1      | 0 ||| qw: Lair rune preference: random
     0 | D:1      | 0 ||| qw: Plans: Normal
     0 | D:1      | 0 ||| PLANNING D:1-11
     7 | D:1      | 7 ||| FLEEEEING.
    28 | D:1      | 28 ||| FLEEEEING.
    29 | D:1      | 29 ||| FLEEEEING.
    30 | D:1      | 30 ||| FLEEEEING.
    72 | D:1      | Reached skill level 6 in Ranged Weapons
    72 | D:1      | Reached XP level 2. HP: 16/16 MP: 4/4
   429 | D:1      | Found a faded altar of an unknown god.
   449 | D:1      | 449 ||| UPGRADING to +6 ring of dexterity.
   450 | D:1      | 450 ||| READING scroll labelled POHILACWUY.
   451 | D:1      | 451 ||| DRINKING 2 viscous blue potions.
   452 | D:1      | 452 ||| DRINKING 2 puce potions.
   453 | D:1      | 453 ||| DROPPING scroll of butterflies.
   490 | D:2      | Reached XP level 3. HP: 20/20 MP: 5/5
   541 | D:2      | Reached skill level 7 in Ranged Weapons
  1042 | D:2      | Identified the +6 dagger "Xetal" {flame, *Slow Will+ Int+3}
  1169 | D:2      | Reached skill level 3 in Dodging
  1308 | D:2      | 1308 ||| READING scroll labelled TOSUHO QEBOI.
  1309 | D:2      | 1309 ||| READING scroll labelled PAOCSI DADDILI.
  1310 | D:2      | 1310 ||| READING scroll labelled XEISIS UPSAENE.
  1311 | D:2      | 1311 ||| DRINKING 2 lumpy emerald potions.
  1312 | D:2      | 1312 ||| DRINKING 2 orange potions.
  1313 | D:2      | 1313 ||| DROPPING potion of degeneration.
  1361 | D:3      | Reached XP level 4. HP: 25/25 MP: 6/6
  1584 | D:3      | Noticed Sigmund
  1688 | D:3      | 1688 ||| Invisibility monster not found???
  1712 | D:3      | Killed Sigmund
  1713 | D:3      | Reached skill level 9 in Ranged Weapons
  1713 | D:3      | Reached XP level 5. HP: 23/29 MP: 7/7
  1920 | D:3      | Found a glowing golden altar of the Shining One.
  1978 | D:3      | Noticed Ijyb
  1982 | D:3      | Paralysed by Ijyb for 5 turns
  1996 | D:3      | Killed Ijyb
  2100 | D:3      | Reached XP level 6. HP: 35/35 MP: 8/8
  2166 | D:3      | 2166 ||| UPGRADING to +0 ring mail.
  2176 | D:3      | 2176 ||| DROPPING +0 leather armour.
  2177 | D:3      | 2177 ||| UPGRADING to +0 cloak.
  2182 | D:3      | 2182 ||| UPGRADING to amulet of guardian spirit.
  2187 | D:3      | 2187 ||| READING 2 scrolls labelled OLLON NIMU.
  2188 | D:3      | 2188 ||| READING scroll of enchant weapon.
  2188 | D:3      | 2188 ||| ENCHANTING +1 shortbow.
  2189 | D:3      | 2189 ||| READING scroll labelled PISURPH ZOGG.
  2190 | D:3      | 2190 ||| DRINKING 2 clear potions.
  2191 | D:3      | 2191 ||| DRINKING 2 viscous grey potions.
  2192 | D:3      | 2192 ||| READING 2 scrolls of identify.
  2192 | D:3      | 2192 ||| IDENTIFYING cyan potion
  2193 | D:3      | 2193 ||| DROPPING potion of ambrosia.
  2194 | D:3      | 2194 ||| DROPPING potion of brilliance.
  2199 | D:4      | 2199 ||| PLANNING SEWER
  2214 | D:4      | 2214 ||| FLEEEEING.
  2215 | D:4      | 2215 ||| STAIRDANCE
  2287 | D:4      | Found an ornate altar of the Wu Jian Council.
  2472 | D:4      | Found a glowing drain.
  2477 | D:4      | 2477 ||| READING scroll labelled ERCHIS WIUGHO.
  2478 | D:4      | 2478 ||| DRINKING 2 emerald potions.
  2494 | D:4      | 2494 ||| FLEEEEING.
  2495 | D:4      | 2495 ||| FLEEEEING.
  2496 | D:4      | 2496 ||| FLEEEEING.
  2502 | D:4      | 2502 ||| FLEEEEING.
  2523 | D:4      | 2523 ||| DROPPING potion of berserk rage.
  2551 | Sewer    | Entered a sewer
  2609 | Sewer    | 2609 ||| Stepping ~*~*~tactically~*~*~ (water).
  2618 | Sewer    | 2618 ||| Stepping ~*~*~tactically~*~*~ (water).
  2626 | Sewer    | HP: 8/35 [kobold brigand/+0 dagger (1)]
  2627 | Sewer    | 2627 ||| DRINKING potion of heal wounds.
  2633 | Sewer    | Reached skill level 10 in Ranged Weapons
  2722 | Sewer    | Found a white marble altar of Elyvilon.
  2765 | D:4      | 2765 ||| PLANNING D:1-11
  3003 | D:4      | 3003 ||| READING scroll labelled TAUF FAVALIS.
  3034 | D:5      | Entered Level 5 of the Dungeon
  3063 | D:5      | Noticed Pikel
  3074 | D:5      | HP: 6/35 [Pikel/+1 whip of flaming (3)]
  3075 | D:5      | 3075 ||| DRINKING potion of heal wounds.
  3079 | D:5      | HP: 4/35 [lemure[Pikel] (4)]
  3080 | D:5      | Slain by a lemure

Levels and vault maps discovered:
D:1:      ncdulo_lavacross, layout_rooms, shapermc_ecumenical_altar_notcrosses
D:2:      layout_loops_corners, serial_aquarium, aquarium_bridge_square
          [aquarium_subvault_bridge, aquarium_subvault_wall,
          aquarium_subvault_bridge, aquarium_subvault_wall],
          aquarium_window_fake, aquarium_window_fake, aquarium_window_fake,
          aquarium_window_corridor_2, aquarium_view_2c
D:3:      layout_basic, lemuel_round_altar, grunt_decor_cap, uniq_ijyb,
          uniq_sigmund
D:4:      layout_rooms, nicolae_wu_jian_immortal_techniques,
          cheibrodos_sewer_entry_bend
D:5:      cheibrodos_iron_armory, layout_basic, minmay_temple_entry_overgrown,
          serial_shops, shop_statue, uniq_edmund, uniq_pikel

Skill      XL: |  1  2  3  4  5  6 |
---------------+-------------------+-----
Ranged Weapons | 6 7 9 10 | 10.2
Dodging        | 3 |  3.0
Fighting       | 2 |  2.1
Armour         | |  0.9
Stealth        | |  1.2

Action                     |  1- 3 |  4- 6 || total
---------------------------+-------+-------++-------
   Fire: Shortbow          |   131 |   242 ||   373
    Use: Potion            |     4 |     5 ||     9
         Scroll            |     4 |     6 ||    10
 Armour: Leather armour    |     5 |     1 ||     6
         Ring mail         |       |     7 ||     7
  Dodge: Dodged            |    29 |    29 ||    58

Table legend:
 A = Non-vault XP
 B = Vault XP
 C = Vault XP percentage of total XP
 D = Non-vault monster count
 E = Vault monster count
 F = Vault count percentage of total count
                 A         B        C        D         E       F
            +---------+---------+-------+---------+---------+-------
      Total |     304 |     380 |  55.6 |      77 |      14 |  15.4
            +---------+---------+-------+---------+---------+-------
        D:1 |      40 |       0 |   0.0 |      25 |       0 |   0.0
        D:2 |      55 |       0 |   0.0 |      22 |       0 |   0.0
        D:3 |      37 |     250 |  87.1 |      16 |       2 |  11.1
        D:4 |     127 |       5 |   3.8 |      13 |       1 |   7.1
        D:5 |      45 |       0 |   0.0 |       1 |       0 |   0.0
      Sewer |       0 |     125 | 100.0 |       0 |      11 | 100.0
            +---------+---------+-------+---------+---------+-------
